 Dungeon Crawl Stone Soup version 0.29.1-13-g9f3cf754e1 (webtiles) character file.

Game seed: 7337494026236350763

2152 BiteMe the Magician (level 9, -2/63 HPs)
             Began as a Djinni Fire Elementalist on Feb 4, 2023.
             Was a Follower of Ashenzari.
             Shot with a sling bullet by Joseph (19 damage)
             ... on level 7 of the Dungeon.
             The game lasted 01:08:57 (10023 turns).

BiteMe the Magician (Djinni Fire Elementalist)     Turns: 10023, Time: 01:09:03

Health: -2/63      AC:  9    Str: 11    XL:     9   Next: 56%
Gold:   328        EV: 16    Int: 18    God:    Ashenzari [*.....] SH:  5 Dex: 19

rFire   + + +      SeeInvis .   H - +3 quarterstaff (chaos)
rCold   x . .      Faith    .   (shield currently unavailable)
rNeg    . . .      Spirit   .   i - +2 robe {rF+}
rPois   ∞          Reflect  +   x - +0 helmet
rElec   .          Harm     .   t - +2 cloak "Morality of Ashenzari" {Melee, Range} (curse)
rCorr   .          Rampage  .   k - +0 pair of gloves
Will    .....                   (boots unavailable)
Stlth   ++........              R - amulet of reflection
HPRegen 0.20/turn               b - ring of Curses and Power {Dex+6, Self, Evo} (curse)
MPRegen 0.00/turn               (no ring)

@: flying
A: sickness immunity, fire resistance 2, cold vulnerability 1, float, innate
caster, HP casting, extra vitality 1
a: Renounce Religion, Shatter the Chains


You were on level 7 of the Dungeon.
You worshipped Ashenzari.
Ashenzari was aware of your devotion.
You visited 2 branches of the dungeon, and saw 8 of its levels.

You collected 328 gold pieces.

Inventory:

Hand Weapons
 j - a +1 vorpal sling
 m - a +0 dagger of venom
 y - a +0 spear
 F - a +4 shortbow
 H - a +3 quarterstaff of chaos (weapon)
 P - a +3 war axe of freezing
 S - a +2 mace of protection
Armour
 a - a +0 robe
 i - a +2 robe of fire resistance (worn)
 k - a +0 pair of gloves (worn)
 t - the cursed +2 cloak "Morality of Ashenzari" (worn) {Melee, Range}
   (You found it on level 3 of the Dungeon)

   It has a curse which improves the following skills: Melee Combat: Short
   Blades, Long Blades, Axes, Maces & Flails, Polearms, Staves and Unarmed
   Combat.
   Ranged Combat: Ranged Weapons and Throwing.
 x - a +0 helmet (worn)
 D - a +0 scale mail
 G - a +0 ring mail
 L - a +0 plate armour
Jewellery
 b - the cursed ring of Curses and Power (left hand) {Dex+6, Self, Evo}
   (You found it on level 1 of the Dungeon)

   [ring of dexterity]

   Dex:       It affects your dexterity (+6).
   It has a curse which improves the following skills: Introspection: Fighting
   and Spellcasting.
   Evocations: Evocations.
 R - an amulet of reflection (around neck)
Wands
 O - a wand of iceblast (13)
Scrolls
 p - a scroll of magic mapping
 q - a scroll of blinking
 r - 4 scrolls of teleportation
 z - a scroll of immolation
 B - a scroll of fear
 J - a scroll of silence
 Q - a scroll of amnesia
Potions
 l - a potion of curing
 n - 2 potions of might
 A - a potion of resistance
 T - a potion of heal wounds


   Skills:
 * Level 3.9(4.7) Fighting
 - Level 1.3(1.9) Axes
 + Level 1.6(2.2) Staves
 * Level 6.9 Dodging
 - Level 1.5 Stealth
 + Level 7.3(8.2) Spellcasting


You had 3 spell levels left.
You knew the following spells:

 Your Spells              Type           Power      Damage    Failure   Level
a - Foxfire               Conj/Fire      100%       2x1d9     1%          1
b - Scorch                Fire           74%        2d8       1%          2
c - Conjure Flame         Conj/Fire      37%        6-21      1%          3
d - Inner Flame           Hex/Fire       37%        N/A       1%          3
e - Flame Wave            Conj/Fire      37%        2d10      3%          4
f - Shock                 Conj/Air       100%       1d9       1%          1
g - Wereblood             Tmut           37%        N/A       1%          2
h - Searing Ray           Conj           74%        2d7       1%          2
i - Frozen Ramparts       Ice            74%        1d12      1%          3
Your spell library was empty.

Dungeon Overview and Level Annotations

Branches:
Dungeon (7/15)             Temple (1/1) D:5

Altars:
Ashenzari
Cheibriados
Hepliaklqana
Qazlal
Xom
Yredelemnul

Annotations:
D:7 Joseph


Innate Abilities, Weirdness & Mutations

You are immune to sickness and miasma.
You are immune to poison.
Your flesh is very heat resistant. (rF++)
You are vulnerable to cold. (rC-)
You float through the air rather than walking.
You learn spells naturally, not from books.
Your magical power is your life essence.
You have superior vitality. (+4 MHP)


Message History

The fire ignites!
Casting: Foxfire (safe; 1% risk of failure)
Press: ? - help, Q - select action, (/) - cycle Dir - look around, f - activate You conjure some foxfire!
The foxfire hits the orc.
The orc is severely wounded.
The foxfire hits the orc.
You kill the orc!
Casting: Foxfire (safe; 1% risk of failure)
Press: ? - help, Q - select action, (/) - cycle Dir - look around, f - activate You conjure some foxfire!
Casting: Foxfire (safe; 1% risk of failure)
Confirm with . or Enter, or press ? or * to list all spells.
Flames lash Joseph.
Joseph is lightly wounded.
Joseph's fire resistance burns away.
The foxfire hits Joseph.
Joseph is lightly wounded.
The foxfire hits Joseph.
Joseph is lightly wounded.
Joseph says, "I've waited for this moment for such a long time."
Joseph shoots a sling bullet.
The sling bullet hits you.
Casting: Scorch (safe; 1% risk of failure)
Confirm with . or Enter, or press ? or * to list all spells.
Flames lash Joseph.
Joseph is burned terribly!
Joseph is moderately wounded.
Joseph shoots a sling bullet.
The sling bullet hits you!
Casting: Scorch (safe; 1% risk of failure)
Confirm with . or Enter, or press ? or * to list all spells.
Flames lash Joseph but do no damage.
Joseph shoots a sling bullet.
The sling bullet hits you!
* * * LOW HITPOINT WARNING * * *
You feel better.
Joseph shoots a sling bullet.
The sling bullet closely misses you.
Casting: Scorch (safe; 1% risk of failure)
Confirm with . or Enter, or press ? or * to list all spells.
Flames lash Joseph.
Joseph is burned terribly!
Joseph is heavily wounded.
* * * LOW HITPOINT WARNING * * *
Joseph shoots a sling bullet.
The sling bullet hits you!!
You die...

#.. #)# #. #)#
#..####@#
#......)##
.........# #
..#####..## #
######.>##########
#
........@§.@......#
#
..#########.#####.#
### ###..## #.# #..
#.....# #.# ###.#
#.....###.# ###...#
#.........#
##....##
#.....###.###.....#
#....(# #.....#...#
#.....# #...>##...#


You could see Joseph (combustible).

Vanquished Creatures
  Grinder (D:6)
  A water moccasin (D:6)
  2 black bears
  A sky beast (D:6)
  An ogre (D:6)
  3 centaurs
  A lemure (D:7)
  2 phantoms (D:6)
  A bullfrog (D:6)
  2 scorpions
  2 necrophages (D:5)
  7 howler monkeys
  3 hounds
  2 jellies (D:6)
  Crazy Yiuf (D:5)
  A gnoll bouda (D:6)
  Jessica (D:2)
  2 iguanas
  2 orc wizards (D:7)
  5 gnolls (D:6)
  6 adders
  A white imp (D:5)
  An ufetubus (D:5)
  A dart slug (D:2)
  10 orcs
  5 bats
  8 endoplasms
  2 giant cockroaches
  6 goblins
  8 hobgoblins
  4 jackals (D:4)
  5 kobolds
  3 quokkas
  4 ball pythons
  A frilled lizard (D:2)
  5 rats
111 creatures vanquished.

Vanquished Creatures (collateral kills)
  2 foxfires (D:1)
2 creatures vanquished.

Vanquished Creatures (others)
  210 foxfires
  3 fungi (D:1)
  2 plants
215 creatures vanquished.

Grand Total: 328 creatures vanquished

Notes
Turn   | Place    | Note
-------+----------+-------------------------------------------
     0 | D:1      | BiteMe the Djinni Fire Elementalist began the quest for the
                  | Orb.
     0 | D:1      | BiteMe set off with the following spells memorised:
                  | Foxfire, Scorch, Conjure Flame, Inner Flame, Flame Wave.
     0 | D:1      | Reached XP level 1. HP: 15/15 MP: 0/0
   829 | D:1      | Reached XP level 2. HP: 17/21 MP: 0/0
  1840 | D:2      | Reached skill level 3 in Spellcasting
  1879 | D:2      | Reached XP level 3. HP: 24/25 MP: 0/0
  1879 | D:2      | Learned a level 1 spell: Shock
  2326 | D:2      | Noticed Jessica
  2344 | D:2      | Killed Jessica
  2345 | D:2      | Reached XP level 4. HP: 22/31 MP: 0/0
  3760 | D:3      | Reached XP level 5. HP: 32/35 MP: 0/0
  3760 | D:3      | Learned a level 2 spell: Wereblood
  4101 | D:3      | Found a faded altar of an unknown god.
  4539 | D:4      | Reached skill level 1 in Axes
  5451 | D:5      | Entered Level 5 of the Dungeon
  5459 | D:5      | Reached XP level 6. HP: 29/41 MP: 0/0
  5460 | D:5      | Reached skill level 4 in Spellcasting
  5688 | D:5      | Found a staircase to the Ecumenical Temple.
  5705 | Temple   | Entered the Ecumenical Temple
  5750 | Temple   | Became a worshipper of Ashenzari the Shackled
  6303 | D:5      | Reached XP level 7. HP: 38/46 MP: 0/0
  6303 | D:5      | Learned a level 2 spell: Searing Ray
  6591 | D:5      | Found a runed translucent door.
  6592 | D:5      | Noticed Crazy Yiuf
  6598 | D:5      | Killed Crazy Yiuf
  6690 | D:5      | Reached skill level 5 in Dodging
  6870 | D:5      | Reached skill level 1 in Fighting
  6870 | D:5      | Reached skill level 5 in Spellcasting
  7527 | D:6      | Reached XP level 8. HP: 48/52 MP: 0/0
  7606 | D:6      | Noticed Grinder
  7626 | D:6      | Killed Grinder
  7627 | D:6      | Reached skill level 1 in Staves
  7627 | D:6      | Reached skill level 6 in Spellcasting
  8224 | D:6      | Reached XP level 9. HP: 20/60 MP: 0/0
  8224 | D:6      | Learned a level 3 spell: Frozen Ramparts
  9304 | D:6      | Found a stormy altar of Qazlal.
  9331 | D:7      | Reached skill level 7 in Spellcasting
  9834 | D:7      | Reached * piety under Ashenzari
 10008 | D:7      | Noticed Joseph
 10023 | D:7      | Shot with a sling bullet by Joseph

Illustrated notes

Levels and vault maps discovered:
D:1:      sevenhm_arrival_forest_fort_small_3, layout_loops_ring,
          dreamdust_mushroom_princess
D:2:      cheibrodos_old_hovel, layout_basic, uniq_jessica
D:3:      layout_loops_ring, basic_ecumenical_altar
D:4:      layout_cave_pods
D:5:      layout_gridville, minmay_temple_entry_junction_2, serial_glass,
          glass_columns_b, glass_columns_c, nicolae_underground_beach,
          uniq_crazy_yiuf_cottage
D:6:      layout_basic, mainiacjoe_overflow_alcove_4, serial_bayou_pond_a,
          amcnicky_mini_pool_small, uniq_grinder
D:7:      minmay_cornered_nines, layout_basic, uniq_joseph, uniq_maggie,
          uniq_pikel
Temple:   minmay_crystal_spiral_temple

Skill      XL: |  1  2  3  4  5  6  7  8  9 |
---------------+----------------------------+-----
Spellcasting   | 3 4 5 6 7 |  7.3
Dodging        | 3 4 5 6 |  6.9
Axes           | 1 |  1.3
Fighting       | 1 3 |  3.9
Staves         | 1 |  1.6
Stealth        | |  1.5

Action                   |  1- 3 |  4- 6 |  7- 9 || total
-------------------------+-------+-------+-------++-------
Melee: Hand axe          |    14 |    27 |       ||    41
       Quarterstaff      |       |     1 |    19 ||    20
 Cast: Foxfire           |    29 |    41 |    52 ||   122
       Scorch            |     6 |    19 |    49 ||    74
       Shock             |       |     3 |       ||     3
       Wereblood         |       |     1 |       ||     1
       Searing Ray       |       |       |     1 ||     1
       Flame Wave        |       |       |     1 ||     1
       Conjure Flame     |       |       |     3 ||     3
Invok: Curse Item        |       |       |     2 ||     2
  Use: Scroll            |       |     2 |     2 ||     4
       Potion            |       |       |     1 ||     1
 Stab: Sleeping          |     1 |     3 |       ||     4
Armor: Robe              |     4 |    18 |    12 ||    34
Dodge: Dodged            |    12 |    38 |    34 ||    84
Block: Other             |       |       |     2 ||     2
